 Dungeon Crawl Stone Soup version 0.30-a0-672-gc3a7216ad8 (webtiles) character file.

Game seed: 4719658152294088392

43 Dittersdorf the Shield-Bearer (level 3, -9/24 HPs)
             Began as a Gargoyle Fighter on Jan 18, 2023.
             Mangled by Terence
             ... wielding a +1 heavy mace
              (17 damage)
             ... on level 2 of the Dungeon.
             The game lasted 00:01:35 (1498 turns).

Dittersdorf the Shield-Bearer (Gargoyle Fighter)    Turns: 1498, Time: 00:01:36

Health: -9/24      AC:  0    Str: 21    XL:     3   Next: 58%
Magic:  3/3        EV: 13    Int:  8    God:
Gold:   160        SH:  0    Dex:  9    Spells: 2/2 levels left

rFire   . . .      SeeInvis .    (weapon currently unavailable)
rCold   . . .      Faith    .    (shield currently unavailable)
rNeg    + . .      Spirit   .    (body armour currently unavailable)
rPois   ∞          Reflect  .    (helmet currently unavailable)
rElec   .          Harm     .    (cloak currently unavailable)
rCorr   .          Rampage  .    (gloves currently unavailable)
Will    .....                    (boots currently unavailable)
Stlth   +                        (no amulet)
HPRegen 0.24/turn                (ring currently unavailable)
MPRegen 0.08/turn                (ring currently unavailable)

@: pig-form, very quick
A: fast, no casting, sickness immunity, AC +3, small, negative energy resistance
1, (electricity resistance), torment resistance 1, petrification resistance
a: no special abilities


You were on level 2 of the Dungeon.
You were a filthy swine.
You visited 1 branch of the dungeon, and saw 2 of its levels.

You collected 160 gold pieces.

Inventory:

Hand Weapons
 a - a +0 flail (melded)
Armour
 c - a +0 buckler (melded)
 i - a +0 chain mail (melded)
Scrolls
 b - a scroll of fear {unknown}
 e - 2 scrolls of teleportation {unknown}
 f - 3 scrolls of amnesia {unknown}
 j - 3 scrolls of identify {unknown}
 n - a scroll of enchant armour {unknown}
 p - 2 scrolls of noise {unknown}
Potions
 d - 2 potions of might
 g - a potion of attraction {unknown}
 h - a potion of brilliance {unknown}
 k - a potion of lignification {unknown}
 l - a potion of curing {unknown}
 m - a potion of ambrosia {unknown}
 o - a potion of flight {unknown}
 q - a potion of invisibility {unknown}


   Skills:
 + Level 3.7 Fighting
 + Level 2.5 Maces & Flails
 + Level 3.7 Armour
 + Level 3.8 Shields


You had 2 spell levels left.
You didn't know any spells.
Your spell library contained the following spells:

 Spells                   Type           Power      Damage    Failure   Level
 Inner Flame              Hex/Fire       0%         N/A       78%         3
 Flame Wave               Conj/Fire      0%         2d4       99%         4
 Sticky Flame             Conj/Fire      0%         2d3       99%         4


Dungeon Overview and Level Annotations

Branches:
Dungeon (2/15)

Altars:
Ru

Shops:
D:2 =

Annotations:
D:2 Terence


Innate Abilities, Weirdness & Mutations

You are a filthy swine.
You move quickly.
Your equipment is almost entirely melded.
You are incapable of wielding weapons or throwing items.
You cannot cast spells.
You are immune to sickness and miasma.
((Your stone body is resilient. (AC +3)))
You are immune to poison.
You resist negative energy. (rN+)
((You are resistant to electric shocks. (rElec)))
You are resistant to unholy torment.
You are immune to petrification.


Message History

Terence is severely wounded.
Terence hits you but does no damage.
You barely miss Terence.
Terence is severely wounded.
Terence zaps a wand.
You turn into a filthy swine.
Your +0 flail melds into your body.
Your +0 buckler melds into your body.
Your +0 chain mail melds into your body.
You barely miss Terence.
Terence is severely wounded.
Terence barely misses you.
You hit Terence.
Terence is severely wounded.
Terence barely misses you.
You hit Terence.
Terence is severely wounded.
There is a stone staircase leading up here.
You hit Terence but do no damage.
Terence is severely wounded.
Terence closely misses you.
You closely miss Terence.
Terence is severely wounded.
You hit Terence but do no damage.
Terence is severely wounded.
Terence completely misses you.
You hit Terence but do no damage.
Terence is severely wounded.
You barely miss Terence.
Terence is severely wounded.
Terence hits you with a +1 heavy mace!
Ouch! That really hurt!
You closely miss Terence.
Terence is severely wounded.
Terence closely misses you.
You hit Terence but do no damage.
Terence is severely wounded.
You hit Terence but do no damage.
Terence is severely wounded.
Terence hits you with a +1 heavy mace!
Ouch! That really hurt!
You die...

########## #........#
#........# #######
#........# #.....#
#........# #...>.#
#........#
#.....###.........
#h@...............
#.....#.#........#
##.....#....#.#####
#......####........
######..(..).......#.##.
##...)..._............###
##....................##..
#....................###.#
#.............÷......###.#


You could see Terence.

Vanquished Creatures
  A worm (D:2)
  A dart slug (D:1)
  3 bats
  3 giant cockroaches
  3 goblins
  6 hobgoblins
  A quokka (D:2)
  2 ball pythons
  4 frilled lizards
  4 kobolds
  11 rats (D:2)
39 creatures vanquished.

Notes
Turn   | Place    | Note
-------+----------+-------------------------------------------
     0 | D:1      | Dittersdorf the Gargoyle Fighter began the quest for the
                  | Orb.
     0 | D:1      | Reached XP level 1. HP: 14/14 MP: 1/1
   412 | D:1      | Reached XP level 2. HP: 19/19 MP: 2/2
   892 | D:2      | Found a sacrificial altar of Ru.
   983 | D:2      | Reached XP level 3. HP: 23/23 MP: 3/3
  1222 | D:2      | Found Jialloph's Jewellery Shop.
  1408 | D:2      | Noticed Terence
  1498 | D:2      | Mangled by Terence

Illustrated notes

Levels and vault maps discovered:
D:1:      amcnicky_arrival_choice, layout_basic
D:2:      layout_rooms, serial_shops, nicolae_shop_competitors_out_of_business,
          basic_altar, minmay_rat_gold_closets, uniq_terence

Action                   || total
-------------------------++-------
Melee: Flail             ||   116
       Unarmed           ||    12
Armor: Scale mail        ||    12
       Chain mail        ||    48
Dodge: Dodged            ||    47
Block: Buckler           ||    18

Table legend: (Time is in decaauts)
 A = Elapsed time spent in this place.
 B = Non-inter-level travel time spent in this place.
 C = Inter-level travel time spent in this place.
 D = Time resting spent in this place.
 E = Time spent auto-exploring this place.
 F = Levels seen in this place.
 G = Mean time per level.
                   A        B        C        D        E       F      G
               +--------+--------+--------+--------+--------+-----+--------+
         Total |   1527 |   1442 |     85 |     25 |   1072 |   2 |  763.5 |
       Dungeon |   1527 |   1442 |     85 |     25 |   1072 |   2 |  763.5 |
               +--------+--------+--------+--------+--------+-----+--------+

Top non-repeatable levels by time:
     D:1: 964 daAuts
     D:2: 562 daAuts
